Map: Thunderbird LE

Players

Blask

  • Race: Protoss Protoss
  • Spawn Location: 5:00

LiquidMaNa (MaNa) - Winner!

  • Race: Protoss Protoss
  • League: Grandmaster
  • Spawn Location: 11:00

Event: NationWars 2019

VOD

Have the link to the VOD?

Description

Time

  • Played on: Nov. 17, 2019, 2:12 p.m.
  • Length: 7:28
Show
View Real Time Build Order
Export as new Build Order

Blask Protoss 

Build Orders:  

Get SALT Encoding   

  12  0:00  Probe  
  13  0:12  Probe  
  14  0:18  Pylon  
  14  0:24  Probe (Chrono Boost)  
  15  0:36  Gateway  
  15  0:37  Probe (Chrono Boost)  
  16  0:44  Probe (Chrono Boost)  
  16  0:46  Assimilator  
  17  0:51  Probe  
  17  0:54  Assimilator  
  18  1:03  Probe (Chrono Boost)  
  19  1:07  Gateway  
  19  1:13  Probe (Chrono Boost)  
  19  1:17  Probe (Chrono Boost)  
  20  1:24  Cybernetics Core  
  21  1:32  Probe  
  22  1:35  Pylon  
  22  1:45  Probe  
  22  1:46  Pylon  
  23  1:57  Probe  
  24  2:02  Adept x2  
  24  2:03  Warp Gate  
  28  2:15  Robotics Facility  
  28  2:23  Pylon  
  28  2:34  Stalker  
  28  2:36  Stalker  
  31  2:59  Immortal (Chrono Boost)  
  35  3:08  Stalker  
  35  3:12  Stalker  
  39  3:28  Warp Prism (Chrono Boost)  
  41  3:40  Pylon  
  41  3:53  Stalker  
  43  3:56  Stalker  
  45  4:14  Immortal (Chrono Boost)  
  45  4:20  Sentry  
  45  4:23  Stalker  
  49  4:35  Twilight Council  
  49  4:55  Sentry  
  49  4:58  Adept  
  53  5:11  Pylon  
  53  5:19  Resonating Glaives (Chrono Boost)  
  53  5:26  Pylon  
  53  5:27  Adept  
  55  5:31  Adept  
  57  5:44  Immortal  
  59  5:53  Adept x2  
  63  5:58  Gateway  
  63  6:10  Pylon  
  63  6:25  Pylon  
  63  6:31  Pylon  
  63  6:32  Adept x2  
  67  6:34  Observer  
  43  7:08  Adept x3  
Show
View Real Time Build Order
Export as new Build Order

LiquidMaNa Protoss - Winner!

Build Orders:  

Get SALT Encoding   

  12  0:00  Probe  
  13  0:12  Probe  
  14  0:19  Pylon  
  14  0:24  Probe (Chrono Boost)  
  15  0:37  Probe (Chrono Boost), Gateway  
  16  0:45  Probe (Chrono Boost)  
  16  0:47  Assimilator  
  17  0:51  Probe (Chrono Boost)  
  17  0:56  Assimilator  
  18  1:03  Probe (Chrono Boost)  
  19  1:08  Gateway  
  19  1:12  Probe (Chrono Boost)  
  19  1:18  Probe  
  20  1:24  Cybernetics Core  
  21  1:30  Probe  
  22  1:35  Pylon  
  22  1:42  Probe  
  23  1:54  Probe  
  23  2:00  Stalker  
  23  2:01  Warp Gate  
  26  2:05  Sentry  
  26  2:06  Probe  
  29  2:15  Pylon  
  29  2:31  Sentry  
  29  2:33  Stalker  
  33  2:45  Nexus  
  33  2:52  Probe  
  33  2:57  Stalker  
  36  3:04  Pylon, Probe (Chrono Boost)  
  37  3:15  Probe (Chrono Boost)  
  37  3:18  Robotics Facility  
  38  3:20  Probe (Chrono Boost)  
  39  3:31  Probe  
  40  3:41  Shield Battery  
  40  3:44  Shield Battery  
  40  3:49  Stalker x2  
  44  3:56  Robotics Facility  
  44  3:59  Pylon  
  44  4:05  Pylon  
  44  4:20  Pylon  
  44  4:22  Immortal (Chrono Boost)  
  48  4:25  Pylon  
  46  4:43  Immortal (Chrono Boost)  
  46  4:44  Adept x2  
  54  4:59  Warp Prism (Chrono Boost)  
  56  5:07  Pylon  
  56  5:12  Sentry  
  62  5:21  Immortal  
  62  5:29  Gateway  
  62  5:43  Immortal  
  66  5:57  Adept  
  68  6:05  Immortal  
  72  6:21  Pylon  
  72  6:22  Pylon  
  72  6:48  Immortal x2  
  74  7:08  Adept x2  
Tags
 
Matchup
PvP
Player
MaNa
Spawn Locations
Cross Positions
Add a new tag
Caveats
  • Supply blocks, unpowered buildings, or Contaminate may cause inaccurate times.
  • Supply counts are checked every 10 seconds.